 Dungeon Sprint DCSS version 0.21.1-1-g345015f (webtiles) character file.

5355 Fang the Fighter (level 10, -9/112 HPs)
             Began as a Gargoyle Berserker on May 17, 2018.
             Was a High Priest of Trog.
             Mangled by a glaive of venom (23 damage)
             ... in the Dungeon (Sprint V: "Ziggurat Sprint").
             The game lasted 00:02:59 (638 turns).

Fang the Fighter (Gargoyle Berserker)                Turns: 638, Time: 00:03:00

Health: -9/112     AC: 15    Str: 35    XL:     10   Next: 65%
Magic:  10/10      EV: 14    Int:  8    God:    Trog [*****.]
Gold:   0          SH:  0    Dex:  9    Spells: 9/9 levels left

rFire    + . .     SeeInvis .   l - +5 demon trident
rCold    . . .     Gourm    .   (no shield)
rNeg     + . .     Faith    .   a - +1 ring mail {rF+}
rPois    ∞         Spirit   .   (no helmet)
rElec    +         Reflect  .   (no cloak)
rCorr    .         Harm     .   (no gloves)
MR       .....     NoTele   +   (no boots)
Stlth    ..........             (no amulet)
HPRegen  0.28/turn              G - ring of flight
MPRegen  0.12/turn              F - +6 ring of strength

@: berserking, very quick
A: negative energy resistance 1, electricity resistance, unbreathing,
petrification resistance, rot immunity, AC +7
a: Berserk, Trog's Hand, Brothers in Arms, Burn Spellbooks, Renounce Religion,
Evoke Flight


You were in the Dungeon.
You worshipped Trog.
Trog was extremely pleased with you.
You were hungry.

You visited 1 branch

Inventory:

Hand Weapons
 k - a +5 executioner's axe
 l - a +5 demon trident (weapon)
Armour
 a - a +1 ring mail of fire resistance (worn)
Jewellery
 b - the ring of Law {rElec rF- rC++ rN+ Slay+2}
   (You found it in the Dungeon)

   [ring of positive energy]

   It affects your accuracy and damage with ranged weapons and melee attacks
   (+2).
   It makes you vulnerable to fire.
   It greatly protects you from cold.
   It insulates you from electricity.
   It protects you from negative energy.
 j - a +2 ring of intelligence
 u - the ring of Kutodd {Fire Dex+4 Slay+3}
   (You found it in the Dungeon)

   [ring of fire]

   It enhances your fire magic.
   It affects your dexterity (+4).
   It affects your accuracy and damage with ranged weapons and melee attacks
   (+3).
   It protects you from fire.
   It makes you vulnerable to cold.
 A - the ring "Ediliuq" {*Slow rPois rF+ Int+2}
   (You found it in the Dungeon)

   [ring of protection from fire]

   It affects your intelligence (+2).
   It protects you from fire.
   It protects you from poison.
   It may slow you when you take damage.
 B - the ring "Roocw" {MR- AC+3 Int+9 Dex-3 SInv}
   (You found it in the Dungeon)

   [ring of protection]

   It affects your AC (+3).
   It affects your intelligence (+9).
   It affects your dexterity (-3).
   It affects your resistance to hostile enchantments.
   It lets you see invisible.
 F - a +6 ring of strength (right hand)
 G - a ring of flight (left hand)
Wands
 x - a wand of disintegration (7)
 y - a wand of iceblast (7)
 z - a wand of acid (7)
Scrolls
 i - 4 scrolls of blinking
 m - 7 scrolls of fog
 n - a scroll of holy word
 o - 5 scrolls of identify
 p - 5 scrolls of remove curse
 q - 2 scrolls of fear
Potions
 d - 10 potions of curing
 e - 8 potions of heal wounds
 f - 6 potions of haste
 g - 7 potions of magic
 h - 3 potions of berserk rage
 r - 2 potions of brilliance
 s - 2 potions of invisibility
 t - 4 potions of resistance
 v - 5 potions of agility
 w - 5 potions of might
Miscellaneous
 C - a phial of floods
Comestibles
 c - 6 rations


   Skills:
 + Level 14.1 Fighting
 + Level 11.0(12.8) Axes
 + Level 11.2(12.9) Polearms
 + Level 8.4 Armour
 + Level 6.5 Dodging
 + Level 3.2 Stealth


You had 9 spell levels left.
You didn't know any spells.

Dungeon Overview and Level Annotations

Branches:
Dungeon (1/1)

Altars:
Ashenzari
Cheibriados
Dithmenos
Elyvilon
Fedhas
Gozag
Hepliaklqana
Kikubaaqudgha
Makhleb
Nemelex Xobeh
Okawaru
Qazlal
Ru
Sif Muna
Trog
Uskayaw
Vehumet
Wu Jian
Xom
Yredelemnul
Zin
The Shining One
Beogh
Jiyva
Lugonu

Annotations:
D 1 transporter


Innate Abilities, Weirdness & Mutations

You are resistant to torment.
Your stone body is resilient. (AC +7)
You are immune to poison.
You resist negative energy. (rN+)
You are resistant to electric shocks. (rElec)
You can survive without breathing.
You are immune to petrification.
You are immune to rotting.


Message History

The glaive of venom is severely damaged.
You are covered in liquid flames!
The deep elf archer misses you.
You hit the glaive of venom but do no damage.
The glaive of venom is severely damaged.
You miss the glaive of venom.
The glaive of venom is severely damaged.
The glaive of venom hits you.
* * * LOW HITPOINT WARNING * * *
The deep elf archer hits you with an uncursed dagger!
* * * LOW HITPOINT WARNING * * *
You miss the glaive of venom.
The glaive of venom is severely damaged.
You hit the glaive of venom.
The glaive of venom is severely damaged.
The deep elf mage hits you but does no damage.
You closely miss the glaive of venom.
The glaive of venom is severely damaged.
The glaive of venom hits you!!
You die...

▓.....▓.....▓..©..▓
▓..©†.▓..©..▓▓▓▓▓▓▓
▓▓▓▓▓▓▓▓▓▓▓▓▓▓▓▓▓▓▓
▓..8©8...▓..8©8...▓
▓....[...▓..::=...▓
▓...)....▓..).[...▓
▓........▓...EEe..▓
▓...)....▓..e(e...▓
▓..))....▓...@)...▓
▓...©....▓...©....▓
▓▓▓▓▓▓▓▓▓▓▓▓▓▓▓▓▓▓▓


You could see a deep elf archer, 2 earth elementals, 2 deep elf magi and a
glaive of venom.

Vanquished Creatures
  A dancing weapon (D)
  2 deep elf archers (D)
  2 deep elf magi (D)
  3 toenail golems (D)
  Sigmund (D)
  A fire elemental (D)
  2 hell hounds (D)
  Jessica (D)
  A fire vortex (D)
14 creatures vanquished.

Notes
Turn   | Place    | Note
-------+----------+-------------------------------------------
     0 | D        | Found the +6 Majin-Bo {vamp, Archmagi MP+6 Int+6}
     0 | D        | Found the +7 great mace "Firestarter" {inner flame, rF++}
     0 | D        | Fang the Gargoyle Berserker began the quest for the Orb.
     0 | D        | Reached XP level 1. HP: 14/14 MP: 1/1
     3 | D        | Found a blossoming altar of Fedhas.
     4 | D        | Found a viscous altar of Jiyva.
     4 | D        | Found a hazy altar of Hepliaklqana.
     4 | D        | Found a transporter.
     4 | D        | Found an opulent altar of Gozag.
     4 | D        | Found an ancient bone altar of Kikubaaqudgha.
     4 | D        | Found a corrupted altar of Lugonu.
    10 | D        | Found a burning altar of Makhleb.
    11 | D        | Found a stormy altar of Qazlal.
    11 | D        | Found a sacrificial altar of Ru.
    11 | D        | Found an iron altar of Okawaru.
    11 | D        | Found a deep blue altar of Sif Muna.
    11 | D        | Found a sparkling altar of Nemelex Xobeh.
    11 | D        | Found a bloodstained altar of Trog.
    75 | D        | Entered arena 2.
    75 | D        | Noticed Sigmund
    75 | D        | Noticed Jessica
    75 | D        | Found a transporter.
    77 | D        | Killed Jessica
    77 | D        | Reached skill level 5 in Fighting
    77 | D        | Reached XP level 2. HP: 21/21 MP: 2/2
    77 | D        | Reached XP level 3. HP: 26/26 MP: 3/3
    85 | D        | Killed Sigmund
    85 | D        | Reached ** piety under Trog
    85 | D        | Reached skill level 8 in Fighting
    85 | D        | Reached XP level 4. HP: 35/35 MP: 4/4
    85 | D        | Reached XP level 5. HP: 39/39 MP: 5/5
   155 | D        | Entered arena 3.
   155 | D        | Noticed a toenail golem
   155 | D        | Noticed a toenail golem
   155 | D        | Noticed a toenail golem
   155 | D        | Found a transporter.
   160 | D        | Killed a toenail golem
   160 | D        | Reached skill level 10 in Fighting
   160 | D        | Reached skill level 5 in Armour
   160 | D        | Reached XP level 6. HP: 48/48 MP: 6/6
   160 | D        | Reached XP level 7. HP: 53/53 MP: 7/7
   163 | D        | Killed a toenail golem
   163 | D        | Reached skill level 11 in Fighting
   163 | D        | Reached skill level 5 in Polearms
   163 | D        | Reached XP level 8. HP: 60/60 MP: 8/8
   171 | D        | Killed a toenail golem
   171 | D        | Reached *** piety under Trog
   176 | D        | Got the ring of Law {rElec rF- rC++ rN+ Slay+2}
   209 | D        | Entered arena 4.
   209 | D        | Found a transporter.
   213 | D        | Reached skill level 12 in Fighting
   215 | D        | Reached skill level 5 in Dodging
   227 | D        | Got the ring "Ediliuq" {*Slow rPois rF+ Int+2}
   230 | D        | Got the ring "Roocw" {MR- AC+3 Int+9 Dex-3 SInv}
   282 | D        | Entered arena 5.
   282 | D        | Noticed a deep elf mage
   282 | D        | Noticed a vampiric glaive
   282 | D        | Noticed a deep elf archer
   282 | D        | Noticed a deep elf archer
   282 | D        | Found a transporter.
   284 | D        | Reached skill level 10 in Axes
   284 | D        | Reached XP level 9. HP: 7/67 MP: 9/9
   289 | D        | Killed a deep elf mage
   289 | D        | Reached **** piety under Trog
   289 | D        | Reached skill level 13 in Fighting
   289 | D        | Reached XP level 10. HP: 47/73 MP: 10/10
   296 | D        | Killed a deep elf archer
   298 | D        | Killed a vampiric glaive
   298 | D        | Reached skill level 10 in Polearms
   300 | D        | HP: 4/111 [deep elf archer/uncursed short sword (8)]
   304 | D        | Killed a deep elf archer
   304 | D        | Reached ***** piety under Trog
   307 | D        | Got the ring of Kutodd {Fire Dex+4 Slay+3}
   625 | D        | Entered arena 6.
   625 | D        | Noticed a deep elf archer
   625 | D        | Noticed a deep elf mage
   625 | D        | Noticed a glaive of venom
   625 | D        | Noticed a deep elf mage
   625 | D        | Noticed a deep elf mage
   625 | D        | Found a transporter.
   630 | D        | Killed a deep elf mage
   630 | D        | Reached skill level 14 in Fighting
   638 | D        | Mangled by a glaive of venom

Skill      XL: |  1  2  3  4  5  6  7  8  9 10 |
---------------+-------------------------------+-----
Fighting       | 5 8 10 11 12 13 14 | 14.1
Axes           | 4 6 8 9 10 11 | 11.0
Armour         | 3 4 5 6 7 8 |  8.4
Dodging        | 2 3 4 5 6 |  6.5
Polearms       | 2 4 5 8 11 | 11.2
Stealth        | 3 |  3.2

Action                   |  1- 3 |  4- 6 |  7- 9 | 10-12 || total
-------------------------+-------+-------+-------+-------++-------
Melee: Demon trident     |     9 |     3 |    24 |    23 ||    59
Invok: Berserk           |     1 |     1 |     2 |     1 ||     5
  Use: Potion            |       |       |     3 |       ||     3
  Eat: Ration            |       |       |     1 |       ||     1
Armor: Shadow dragon sca |     2 |       |       |       ||     2
       Ring mail         |       |     3 |    10 |     5 ||    18
Dodge: Dodged            |       |       |     9 |     6 ||    15
